 Dungeon Crawl Stone Soup version 0.31-a0-810-ga77100ea1a (webtiles) character file.

Game seed: 8616999202988504379

4104 pokeman the Thaumaturge (level 10, -5/56 HPs)
             Began as a Deep Elf Hedge Wizard on Sept 21, 2023.
             Was a Follower of Vehumet.
             Slain by a sky beast (6 damage)
             ... on level 7 of the Dungeon.
             The game lasted 00:18:49 (8166 turns).

pokeman the Thaumaturge (Deep Elf Hedge Wizard)     Turns: 8166, Time: 00:18:50

Health: -5/56      AC:  4    Str:  7    XL:     10   Next: 6%
Magic:  19/28      EV: 13    Int: 24    God:    Vehumet [*.....]
Gold:   348        SH:  0    Dex: 14    Spells: 23/34 levels left

rFire   . . .        z - +2 orcbow (flame)
rCold   + . .        (shield currently unavailable)
rNeg    . . .        p - +1 robe {rC+}
rPois   .            c - +0 hat
rElec   .            q - scarf {repulsion}
rCorr   .            I - +0 pair of gloves
SInv    .            (no boots)
Will    +....        (no amulet)
Stlth   ++           f - ring of flight
HPRegen 0.29/turn    (no ring)
MPRegen 0.21/turn

%: repel missiles
@: flying
A: no striking features
a: Renounce Religion


You were on level 7 of the Dungeon.
You worshipped Vehumet.
Vehumet was aware of your devotion.
You visited 2 branches of the dungeon, and saw 8 of its levels.

You collected 348 gold pieces.

Inventory:

Hand Weapons
 z - a +2 orcbow of flaming (weapon)
Missiles
 x - 2 throwing nets
Armour
 c - a +0 hat (worn)
 p - a +1 robe of cold resistance (worn)
 q - a scarf of repulsion (worn)
 G - a +0 buckler
 I - a +0 pair of gloves (worn)
Jewellery
 f - a ring of flight (left hand)
 k - an amulet of guardian spirit
 n - an amulet of faith
Wands
 l - a wand of flame (13)
 w - a wand of iceblast (22)
 F - a wand of polymorph (9)
 J - a wand of charming (7)
Scrolls
 b - 2 scrolls of enchant armour {unknown}
 e - 5 scrolls of teleportation {unknown}
 g - 2 scrolls of noise {unknown}
 h - 8 scrolls of identify {unknown}
 i - 2 scrolls of poison {unknown}
 j - 2 scrolls of revelation {unknown}
 o - a scroll of vulnerability {unknown}
 r - 3 scrolls of amnesia {unknown}
 s - a scroll of brand weapon {unknown}
 t - 3 scrolls of torment {unknown}
 u - a scroll of enchant weapon {unknown}
 y - a scroll of summoning {unknown}
 A - a scroll of fear {unknown}
 B - a scroll of fog {unknown}
 H - 3 scrolls of blinking {unknown}
Potions
 a - a potion of haste
 d - 2 potions of magic
 m - a potion of brilliance
 v - 2 potions of curing
 C - a potion of mutation {unknown}
 D - 2 potions of enlightenment
 E - a potion of cancellation {unknown}
 K - a potion of attraction
 L - a potion of resistance {unknown}
 M - a potion of berserk rage {unknown}


   Skills:
 + Level 4.0 Fighting
 - Level 3.0 Armour
 - Level 3.0 Dodging
 - Level 3.1 Stealth
 * Level 12.5 Spellcasting
 + Level 8.5 Conjurations
 - Level 1.1 Summonings
 - Level 1.1 Translocations
 - Level 1.0 Transmutations
 + Level 4.2 Fire Magic
 - Level 1.2 Air Magic
 - Level 1.1 Poison Magic
 - Level 1.0 Evocations


You had 23 spell levels left.
You knew the following spells:

 Your Spells              Type           Power      Damage    Failure   Level
a - Magic Dart            Conj           100%       1d8       1%          1
b - Mephitic Cloud        Conj/Pois/Air  32%        N/A       2%          3
c - Call Imp              Summ           40%        N/A       4%          2
d - Blink                 Tloc           40%        N/A       4%          2
e - Ignite Poison         Fire/Tmut/Pois 25%        N/A       4%          3

Your spell library contained the following spells:

 Spells                   Type           Power      Damage    Failure   Level
 Sandblast                Erth           30%        2d9       4%          1
 Sting                    Tmut/Pois      80%        1d7       2%          1
 Poisonous Vapours        Pois/Air       40%        N/A       3%          2
 Sticky Flame             Conj/Fire      45%        2d6       3%          4
 Slow                     Hex            60%        N/A       4%          1
 Cigotuvi's Dreadful Rot  Necr/Pois/Air  36%        N/A       4%          2
 Olgreb's Toxic Radiance  Pois           20%        N/A       26%         4
 Ignition                 Fire           17%        3d7       100%        8


Dungeon Overview and Level Annotations

Branches:
Dungeon (7/15)             Temple (1/1) D:5

Altars:
Ashenzari
Cheibriados
Elyvilon
Fedhas
Gozag
Kikubaaqudgha
Nemelex Xobeh
Okawaru
Qazlal
Ru
Sif Muna
Trog
Uskayaw
Vehumet
Wu Jian
Xom
Yredelemnul
Zin

Shops:
D:1 ?

Annotations:
D:3 Grinder
D:4 2 transporters, Phlounder's ghost, amateur DjHs
D:5 2 transporters, pokeman's ghost, novice DEHW


Message History

Okay, then.
Unknown command.
Casting: Ignite Poison (dangerous; 4% risk of failure)
Confirm with . or Enter, or press ? or * to list all spells.
Aiming: Mephitic Cloud (dangerous; 2% risk of failure)
Press: ? - help, Shift-Dir - straight line The ball explodes into a vile cloud!
The stinking cloud engulfs something but does no damage.
The stinking cloud engulfs you but does no damage.
You are engulfed in noxious fumes.
You choke on the stench!
You are confused.
Unknown command.
You are engulfed in noxious fumes.
You choke on the stench!
You are more confused.
Something hits you. Something shocks you.
* * * LOW HITPOINT WARNING * * *
You are engulfed in noxious fumes.
You choke on the stench!
You are more confused.
You are engulfed in noxious fumes.
You choke on the stench!
You are more confused.
Something hits you.
* * * LOW HITPOINT WARNING * * *
Something shocks you.
* * * LOW HITPOINT WARNING * * *
You closely miss something. Something hits you.
* * * LOW HITPOINT WARNING * * *
Something shocks you.
* * * LOW HITPOINT WARNING * * *
You bump into the rock wall.
You bump into the rock wall.
You feel less confused.
A sky beast appears from thin air!
Reactivating autopickup.
The sky beast hits itself.
The sky beast flickers out of sight!
Deactivating autopickup; reactivate with Ctrl-A.
Something hits you.
* * * LOW HITPOINT WARNING * * *
Something shocks you.
You die...

§#. §.. .. .† ####### #.
###...... #.
#####.......^ #†####
#.....###.### #.†@.#
#.....# #.# #
......)##{###.....###'###
#####.# #.........###_'..
#. ######..#.###'###
#.#########.#.# #.# #
#.............###.###
#.......###.#........
#.......# #.##..##... ###
#.......# #.###.##...


There were no monsters in sight!

Vanquished Creatures
  A skeletal warrior (D:7)
  A troll (D:7)
  A hornet (D:7)
  Prince Ribbit (D:6)
  Sigmund (D:2)
  A shadow (D:7)
  Duvessa (D:5)
  An ice beast (D:6)
  An orc warrior (D:7)
  2 black bears
  3 sky beasts
  A centaur (D:4)
  An ogre (D:5)
  A phantom (D:5)
  A gnoll sergeant (D:5)
  4 bullfrogs
  2 scorpions
  Dowan (D:5)
  3 howler monkeys
  2 hounds
  4 jellies
  4 orc priests
  2 sleepcaps (D:6)
  Ijyb (D:3)
  3 iguanas
  5 orc wizards
  11 gnolls
  9 adders
  3 shadow imps (D:5)
  3 white imps (D:7)
  An ufetubus (D:7)
  A worm (D:3)
  3 dart slugs
  11 orcs
  5 ball pythons
  6 bats
  2 endoplasms
  4 giant cockroaches
  6 goblins
  6 hobgoblins
  2 kobolds (D:4)
  4 quokkas
  3 frilled lizards
  A rat (D:3)
130 creatures vanquished.

Vanquished Creatures (collateral kills)
  A water moccasin (D:5)
  An ice beast (D:6)
  A gnoll (D:2)
3 creatures vanquished.

Grand Total: 133 creatures vanquished

Notes
Turn   | Place    | Note
-------+----------+-------------------------------------------
     0 | D:1      | pokeman the Deep Elf Hedge Wizard began the quest for the
                  | Orb.
     0 | D:1      | Reached XP level 1. HP: 10/10 MP: 7/7
   403 | D:1      | Found Ashy's Magic Scroll Boutique.
   484 | D:1      | Reached XP level 2. HP: 16/16 MP: 6/9
  1431 | D:2      | Reached skill level 5 in Spellcasting
  1431 | D:2      | Reached XP level 3. HP: 11/20 MP: 3/11
  1435 | D:2      | Learned a level 3 spell: Mephitic Cloud
  1438 | D:2      | Learned a level 2 spell: Call Imp
  1441 | D:2      | Learned a level 2 spell: Blink
  1671 | D:2      | Reached skill level 1 in Fighting
  1671 | D:2      | Reached skill level 1 in Armour
  1699 | D:2      | Reached XP level 4. HP: 17/25 MP: 6/13
  1803 | D:2      | Noticed Sigmund
  1822 | D:2      | Killed Sigmund
  1823 | D:2      | Reached skill level 5 in Conjurations
  1823 | D:2      | Reached XP level 5. HP: 29/29 MP: 11/15
  1944 | D:2      | Reached XP level 6. HP: 19/34 MP: 1/16
  2682 | D:3      | Noticed Ijyb
  2719 | D:3      | Killed Ijyb
  2720 | D:3      | Reached skill level 6 in Spellcasting
  3034 | D:3      | Noticed Grinder
  3134 | D:3      | Found a stormy altar of Qazlal.
  3537 | D:4      | Found a transporter.
  3544 | D:4      | Noticed Phlounder's ghost (amateur DjHs)
  3545 | D:4      | Found a transporter.
  3759 | D:4      | Reached skill level 1 in Evocations
  3789 | D:4      | Found a sparkling altar of Nemelex Xobeh.
  4053 | D:4      | Reached skill level 1 in Poison Magic
  4053 | D:4      | Reached XP level 7. HP: 38/38 MP: 14/19
  4250 | D:4      | Reached skill level 7 in Spellcasting
  4250 | D:4      | Reached skill level 1 in Air Magic
  4594 | D:5      | Entered Level 5 of the Dungeon
  4602 | D:5      | Found a transporter.
  4607 | D:5      | Found a transporter.
  4608 | D:5      | Noticed pokeman's ghost (novice DEHW)
  4636 | D:5      | Found a transporter.
  4701 | D:5      | Found a broken altar of Ashenzari.
  4806 | D:5      | Found a staircase to the Ecumenical Temple.
  4815 | Temple   | Entered the Ecumenical Temple
  4843 | D:5      | Found a bloodstained altar of Trog.
  4904 | D:5      | Reached skill level 8 in Spellcasting
  4961 | D:5      | Found a transporter.
  5255 | D:5      | Reached XP level 8. HP: 44/44 MP: 14/22
  5344 | D:5      | HP: 1/44 [poisoned by a water moccasin]
  5653 | D:5      | Reached skill level 9 in Spellcasting
  5990 | D:5      | Noticed Duvessa
  5991 | D:5      | Noticed Dowan
  6004 | D:5      | Killed Duvessa
  6010 | D:5      | Killed Dowan
  6326 | D:6      | Noticed Prince Ribbit
  6332 | D:6      | Killed Prince Ribbit
  6333 | D:6      | Reached skill level 10 in Spellcasting
  6453 | D:6      | Learned a level 3 spell: Ignite Poison
  6714 | D:6      | Reached skill level 1 in Transmutations
  6714 | D:6      | Reached skill level 1 in Fire Magic
  6714 | D:6      | Reached XP level 9. HP: 40/49 MP: 23/25
  7014 | D:7      | Noticed a skeletal warrior
  7165 | D:7      | Noticed a troll
  7171 | D:7      | Killed a troll
  7172 | D:7      | Reached skill level 11 in Spellcasting
  7338 | D:7      | Found a radiant altar of Vehumet.
  7363 | D:7      | Became a worshipper of Vehumet
  7614 | D:7      | Found a snail-covered altar of Cheibriados.
  7689 | D:7      | Killed a skeletal warrior
  7690 | D:7      | Reached skill level 12 in Spellcasting
  8003 | D:7      | Found an ornate altar of the Wu Jian Council.
  8007 | D:7      | Found a shimmering altar of Xom.
  8094 | D:7      | Found a white marble altar of Elyvilon.
  8142 | D:7      | Reached XP level 10. HP: 52/56 MP: 21/28
  8153 | D:7      | Reached * piety under Vehumet
  8153 | D:7      | Offered knowledge of Sandblast by Vehumet.
  8162 | D:7      | HP: 2/56 [something (5)]
  8166 | D:7      | Slain by a sky beast

Illustrated notes

Levels and vault maps discovered:
D:1:      lightli_arrival_lavapool, layout_basic, serial_shops,
          nicolae_shop_waterfront, minmay_pentomino_w2
D:2:      layout_loops_ring, corexii_corridor_pit, uniq_sigmund
D:3:      layout_basic, lemuel_round_altar, uniq_ijyb, uniq_grinder
D:4:      layout_cave_pods, nemelex_dance_club_becter, gammafunk_ghost_arena,
          serial_forest, infiniplex_forest_pool, infiniplex_forest_end_2,
          infiniplex_forest_lined_room_3, infiniplex_forest_straight_2,
          infiniplex_forest_straight_2, infiniplex_forest_zigzag_1,
          infiniplex_forest_straight_1, infiniplex_forest_side_room,
          infiniplex_forest_lined_1, minmay_misc_feat_tower
D:5:      gammafunk_wand_slinger, layout_gridville, nicolae_ashenzari_skybound,
          kennysheep_little_box, temple_fountains, gammafunk_ghost_hive,
          kennysheep_small_square, uniq_duvessa
D:6:      layout_rooms, uniq_prince_ribbit1
D:7:      cheibrodos_fzero, layout_rooms, lemuel_doored_altar,
          gammafunk_temple_overflow_statue, nicolae_dithmenos_the_darkroom,
          kennysheep_mini_moat, mainiacjoe_overflow_paths
Temple:   dpeg_three_leaves_temple

Skill      XL: |  1  2  3  4  5  6  7  8  9 10 |
---------------+-------------------------------+-----
Spellcasting   | 5 6 8 10 12 | 12.5
Fighting       | 1 2 3 4 |  4.0
Armour         | 1 3 |  3.0
Conjurations   | 2 5 6 7 8 |  8.5
Dodging        | 3 |  3.0
Stealth        | 3 |  3.1
Evocations     | 1 |  1.0
Poison Magic   | 1 |  1.1
Air Magic      | 1 |  1.2
Transmutations | 1 |  1.0
Fire Magic     | 1 4 |  4.2
Summonings     | |  1.1
Translocations | |  1.1

Action                     |  1- 3 |  4- 6 |  7- 9 | 10-12 || total
---------------------------+-------+-------+-------+-------++-------
  Melee: Dagger            |    20 |   126 |    10 |       ||   156
         Punch             |       |     7 |       |       ||     7
         Orcbow            |       |       |       |     1 ||     1
   Fire: Orcbow            |       |       |   131 |     9 ||   140
   Cast: Magic Dart        |    60 |    67 |    86 |       ||   213
         Mephitic Cloud    |     3 |    15 |    34 |     2 ||    54
         Call Imp          |       |     2 |     6 |       ||     8
         Blink             |       |       |     5 |       ||     5
         Ignite Poison     |       |       |    14 |     1 ||    15
    Use: Potion            |       |       |     5 |       ||     5
   Stab: Confused          |     2 |    14 |     1 |       ||    17
         Distracted        |       |     1 |       |       ||     1
 Armour: Robe              |    15 |    52 |    70 |    13 ||   150
  Dodge: Dodged            |    24 |    51 |    69 |    12 ||   156
         Repelled          |       |     1 |     3 |       ||     4

Table legend: (Time is in decaauts)
 A = Elapsed time spent in this place.
 B = Non-inter-level travel time spent in this place.
 C = Inter-level travel time spent in this place.
 D = Time resting spent in this place.
 E = Time spent auto-exploring this place.
 F = Levels seen in this place.
 G = Mean time per level.
                   A        B        C        D        E       F      G
               +--------+--------+--------+--------+--------+-----+--------+
         Total |   8215 |   7984 |    231 |    796 |   5940 |   8 | 1026.9 |
       Dungeon |   8214 |   7983 |    231 |    796 |   5940 |   7 | 1173.4 |
        Temple |      1 |      1 |      0 |      0 |      0 |   1 |    1.0 |
               +--------+--------+--------+--------+--------+-----+--------+

Top non-repeatable levels by time:
     D:5: 1706 daAuts
     D:4: 1271 daAuts
     D:2: 1145 daAuts
     D:3: 1143 daAuts
     D:1: 1031 daAuts
     D:7: 973 daAuts
     D:6: 943 daAuts
  Temple: 1 daAuts
